 Dungeon Crawl Stone Soup version 0.21.1-1-g345015f (webtiles) character file.

18 Labyrinth the Ruffian (level 2, -3/23 HPs)
             Began as a Draconian Transmuter on July 22, 2018.
             Slain by a gnoll
             ... wielding a +0 club
              (7 damage)
             ... on level 2 of the Dungeon.
             The game lasted 00:03:34 (698 turns).

Labyrinth the Ruffian (Draconian Transmuter)         Turns: 698, Time: 00:03:35

Health: -3/23      AC:  5    Str: 12    XL:     2   Next: 48%
Magic:  1/5        EV: 12    Int: 13    God:
Gold:   17         SH:  0    Dex: 11    Spells: 2/5 levels left

rFire    . . .     SeeInvis .   g - +0 whip
rCold    . . .     Gourm    .   (no shield)
rNeg     . . .     Faith    .   (armour unavailable)
rPois    .         Spirit   .   (helmet restricted)
rElec    .         Reflect  .   (no cloak)
rCorr    .         Harm     .   (no gloves)
MR       .....                  j - +0 pair of boots
Stlth    +.........             (no amulet)
HPRegen  0.07/turn              (no ring)
MPRegen  0.09/turn              (no ring)

@: appendage (expiring), very slightly contaminated
A: unfitting armour, horns 2, cold-blooded, AC +4
a: End Transformation


You were on level 2 of the Dungeon.
You were not hungry.
You had grown temporary horns.
You visited 1 branch of the dungeon, and saw 2 of its levels.

You collected 17 gold pieces.

Inventory:

Hand Weapons
 g - a +0 whip (weapon)
 i - a +0 dagger
Missiles
 a - 11 arrows
 e - 54 stones (quivered)
 f - 4 tomahawks
 k - 53 bolts
Armour
 j - a +0 pair of boots (worn)
Scrolls
 d - a scroll of magic mapping {unknown}
Potions
 h - a potion of degeneration {unknown}
Books
 b - a book of Changes

   Spells                             Type                      Level
   a - Beastly Appendage              Transmutation                1
   b - Sticks to Snakes               Transmutation                2
   c - Spider Form                    Transmutation/Poison         3
   d - Ice Form                       Ice/Transmutation            4
   e - Blade Hands                    Transmutation                5
Comestibles
 c - 4 rations
 l - a chunk of flesh


   Skills:
 + Level 1.1 Fighting
 + Level 1.9 Dodging
 + Level 0.4 Stealth
 + Level 3.5 Unarmed Combat
 + Level 2.1 Spellcasting
 + Level 2.1 Transmutations


You had 2 spell levels left.
You knew the following spells:

 Your Spells              Type           Power        Failure   Level  Hunger
a - Beastly Appendage     Tmut           #.....       11%         1    ##.....
b - Sticks to Snakes      Tmut           #.......     16%         2    ###....


Dungeon Overview and Level Annotations

Branches:
Dungeon (2/15)

Altars:


Innate Abilities, Weirdness & Mutations

Your plain brown scales are hard. (AC +4)
You cannot fit into any form of body armour.
You are cold-blooded and may be slowed by cold attacks.
You have a pair of horns on your head.


Message History

Your ball python bites the gnoll but does no damage.
Your ball python constricts the gnoll.
The gnoll hits you with a club. The gnoll hits you with a spear!
Your ball python bites the gnoll but does no damage.
Your ball python constricts the gnoll.
The gnoll hits you with a club.
* * * LOW HITPOINT WARNING * * *
You hit the gnoll but do no damage.
Your tail-slap misses the gnoll.
The gnoll is severely wounded.
The gnoll hits you but does no damage. The gnoll barely misses you.
Your ball python bites the gnoll.
Your ball python constricts the gnoll.
The gnoll barely misses you.
You hit the gnoll. Your headbutt misses the gnoll.
The gnoll is almost dead.
The gnoll hits you but does no damage.
Your ball python bites the gnoll but does no damage.
Your ball python constricts the gnoll.
The gnoll hits your ball python with a spear!
Your ball python dies!
The gnoll hits you with a club!
You die...

### ...
..###.###
........#
......g@#
.?....gg#
..###..##
.?..
####. #.
#. ##


You could see 3 gnolls.

Vanquished Creatures
  An ooze (D:1)
  3 bats (D:1)
  A giant cockroach (D:1)
  3 goblins (D:1)
  A hobgoblin (D:1)
  2 kobolds (D:1)
  2 frilled lizards (D:1)
13 creatures vanquished.

Notes
Turn   | Place    | Note
-------+----------+-------------------------------------------
     0 | D:1      | Labyrinth the Draconian Transmuter began the quest for the Orb.
     0 | D:1      | Reached XP level 1. HP: 16/16 MP: 3/3
   205 | D:1      | Reached XP level 2. HP: 20/23 MP: 3/5
   209 | D:1      | Learned a level 2 spell: Sticks to Snakes
   698 | D:2      | Slain by a gnoll

Action                   || total
-------------------------++-------
Melee: Whip              ||    28
       Unarmed           ||    10
       Kick              ||     8
       Tailslap          ||     4
       Headbutt          ||     1
 Cast: Beastly Appendage ||     8
       Sticks to Snakes  ||     1
 Stab: Sleeping          ||     1
Armor: Skin              ||    14
Dodge: Dodged            ||    34
